 Dungeon Crawl Stone Soup version 0.17.1-1-g73c8601 (webtiles) character file.

1177 Mysteryquy the Thaumaturge (level 8, -1/41 HPs)
             Began as a Deep Elf Fire Elementalist on Dec 31, 2015.
             Slain by a sky beast (5 damage)
             ... on level 5 of the Dungeon.
             The game lasted 00:18:09 (5805 turns).

Mysteryquy the Thaumaturge (DEFE)                   Turns: 5805, Time: 00:18:09

Health: -1/41      AC:  2    Str:  5    XL:     8   Next: 18%
Magic:  22/23      EV: 12    Int: 23    God:
Gold:   241        SH:  6    Dex: 15    Spells: 2 memorised, 22 levels left

rFire  . . .     SeeInvis .     l - +1 dagger (holy)
rCold  . . .     Clarity  .     a - +0 robe
rNeg   . . .     SustAt   .     n - +2 buckler
rPois  .         Gourm    .     (no helmet)
rElec  .         Spirit   .     (no cloak)
rCorr  .         Warding  .     (no gloves)
rMut   .         Stasis   .     (no boots)
MR     .....                    (no amulet)
Stlth  ++........               (no ring)
                                (no ring)

@: not resistant to hostile enchantments, unstealthy
A: no striking features
a: no special abilities


You were on level 5 of the Dungeon.
You were hungry.

You visited 1 branch of the dungeon, and saw 5 of its levels.
You also visited: Ossuary.

You collected 241 gold pieces.

Inventory:

Hand Weapons
 d - a +0 dagger
 l - a +1 dagger of holy wrath (weapon)
 w - a +2 whip of draining
Armour
 a - a +0 robe (worn)
 n - a +2 buckler (worn)
Jewellery
 o - an uncursed amulet of warding {unknown}
 y - an uncursed ring of positive energy {unknown}
Wands
 r - a wand of polymorph (12)
Scrolls
 e - 11 scrolls of identify {unknown}
 f - a scroll of blinking {unknown}
 h - 3 scrolls of enchant armour {unknown}
 m - 2 scrolls of remove curse {unknown}
 p - 7 scrolls of teleportation {unknown}
 q - 2 scrolls of magic mapping {unknown}
 u - a scroll of immolation {unknown}
 F - a scroll of random uselessness {unknown}
Potions
 g - a potion of mutation {unknown}
 i - a potion of curing
 j - a potion of cancellation {unknown}
 k - 3 potions of poison {unknown}
 s - a potion of berserk rage {unknown}
 v - a potion of brilliance {unknown}
 x - a potion of degeneration {unknown}
 z - a potion of cure mutation {unknown}
 A - 2 potions of flight {unknown}
 B - a potion of lignification {unknown}
 C - 2 potions of agility {unknown}
 D - a potion of beneficial mutation {unknown}
Books
 b - a book of Flames

   Spells                             Type                      Level
   a - Flame Tongue                   Conjuration/Fire             1
   b - Throw Flame                    Conjuration/Fire             2
   c - Conjure Flame                  Conjuration/Fire             3
   d - Inner Flame                    Hexes/Fire                   3
   e - Sticky Flame                   Conjuration/Fire             4
   f - Fireball                       Conjuration/Fire             5
Comestibles
 c - 6 bread rations
 t - a royal jelly
 E - a beef jerky


   Skills:
 - Level 2.6 Dodging
 - Level 2.4 Stealth
 + Level 1.0 Shields
 * Level 9.7 Spellcasting
 + Level 4.7 Conjurations
 + Level 6.2 Fire Magic


You had 22 spell levels left.
You knew the following spells:

 Your Spells              Type           Power        Failure   Level  Hunger
a - Flame Tongue          Conj/Fire      #####        1%          1    None
b - Conjure Flame         Conj/Fire      #####...     3%          3    None


Dungeon Overview and Level Annotations

Branches:
Dungeon (5/15)
 Temple: D:4-7

Altars:
Dithmenos
Fedhas
Trog
Xom
The Shining One

Shops:
D:5 ((

Annotations:
D:5 Grinder


Message History

You barely miss something. Something hits you. Something shocks you.
* * * LOW HITPOINT WARNING * * *
Drink which item? (? for menu, Esc to quit)
You feel better. Something hits you.
* * * LOW HITPOINT WARNING * * *
Something shocks you.
* * * LOW HITPOINT WARNING * * *
A sky beast appears from thin air!
Reactivating autopickup.
Casting: Flame Tongue
Confirm with . or Enter, or press ? or * to list all spells.
Aiming: Flame Tongue
Press: ? - help, Shift-Dir - straight line, f/p - sky beast
Aim: a sky beast (severely wounded)
The flame tongue hits the sky beast.
The sky beast is almost dead.
The sky beast hits you.
* * * LOW HITPOINT WARNING * * *
The sky beast shocks you.
You die...

........#.# .#####'##.# ..#
#.##.# ## ### #.##.# ...
#.##.##### ####### ##..##
#........# #..≈..####.....#
####.###.####.###.##.......#
## #.###....Y............# .#
#.#.....@..#.[......###
.########.#.#############.###
................... ....
#########.#.####### #####
.................
#######<#.#.#####
........#.#.# .............
#########.#.##


You could see a sky beast.

Vanquished Creatures
  Menkaure (D:5)
  A phantom (D:4)
  6 scorpions (Ossuary)
  A crimson imp (D:5)
  An orc priest (D:4)
  A hound (D:4)
  2 human zombies (Ossuary)
  A giant frog skeleton (D:5)
  A centaur skeleton (D:5)
  3 orc wizards
  3 worker ants
  3 big kobold zombies (Ossuary)
  A worker ant zombie (D:5)
  2 mummies (Ossuary)
  3 scorpion zombies (Ossuary)
  8 adders
  2 shadow imps (D:5)
  An ooze (D:1)
  A worm (D:2)
  An adder skeleton (D:4)
  4 giant geckos
  9 orcs
  6 giant cockroaches
  4 hobgoblins
  6 jackals
  4 ball pythons
  9 bats
  2 giant newts
  3 gnoll zombies (Ossuary)
  8 goblins
  A hobgoblin zombie (Ossuary)
  11 kobolds
  A kobold zombie (Ossuary)
  3 orc zombies (Ossuary)
  3 quokkas (D:4)
  4 rats
121 creatures vanquished.

Vanquished Creatures (others)
  A mummy (Ossuary)
  A kobold zombie (Ossuary)
2 creatures vanquished.

Grand Total: 123 creatures vanquished

Notes
Turn   | Place    | Note
--------------------------------------------------------------
     0 | D:1      | Mysteryquy the Deep Elf Fire Elementalist began the quest for the Orb.
     0 | D:1      | Reached XP level 1. HP: 10/10 MP: 6/6
   209 | D:1      | Reached XP level 2. HP: 12/15 MP: 5/8
   668 | D:1      | Reached XP level 3. HP: 19/19 MP: 6/10
   737 | D:1      | Reached skill level 4 in Spellcasting
  1174 | D:2      | Found a blossoming altar of Fedhas.
  1472 | D:2      | Reached XP level 4. HP: 20/24 MP: 8/12
  1678 | D:2      | Learned a level 3 spell: Conjure Flame
  1903 | D:3      | Reached skill level 5 in Spellcasting
  2237 | D:3      | Found a shadowy altar of Dithmenos.
  2962 | D:4      | Reached XP level 5. HP: 28/28 MP: 11/14
  3124 | D:4      | Found a glowing golden altar of the Shining One.
  3179 | D:4      | Noticed a phantom
  3189 | D:4      | Killed a phantom
  3189 | D:4      | Reached skill level 6 in Spellcasting
  3226 | D:4      | Reached XP level 6. HP: 26/32 MP: 11/17
  3475 | D:4      | Found a bloodstained altar of Trog.
  3555 | D:4      | Found a shimmering altar of Xom.
  3742 | D:4      | Reached skill level 5 in Fire Magic
  3776 | D:5      | Entered Level 5 of the Dungeon
  3796 | D:5      | Found Woiroam's Antique Weapon Shoppe.
  3845 | D:5      | Found a sand-covered staircase.
  3852 | Ossuary  | Entered an ossuary
  3874 | Ossuary  | Reached skill level 7 in Spellcasting
  4006 | Ossuary  | Reached XP level 7. HP: 13/36 MP: 4/20
  4535 | Ossuary  | Reached skill level 8 in Spellcasting
  4903 | D:5      | Found Xuagh's Antique Weapon Boutique.
  4927 | D:5      | Reached skill level 9 in Spellcasting
  5339 | D:5      | Noticed Menkaure
  5346 | D:5      | Killed Menkaure
  5346 | D:5      | Reached XP level 8. HP: 21/41 MP: 17/23
  5521 | D:5      | Reached skill level 1 in Shields
  5636 | D:5      | Noticed Grinder
  5805 | D:5      | Slain by a sky beast

Action                   |  1- 3 |  4- 6 |  7- 9 || total
-------------------------+-------+-------+-------++-------
Melee: Unarmed           |     2 |       |       ||     2
       Dagger            |     1 |       |    56 ||    57
       Whip              |       |     9 |    23 ||    32
 Cast: Flame Tongue      |    78 |   130 |   122 ||   330
       Conjure Flame     |       |     1 |     4 ||     5
  Use: Potion            |       |     1 |     3 ||     4
  Eat: Chunk             |     1 |     6 |     1 ||     8
       Pizza             |       |     1 |       ||     1
       Bread ration      |       |       |     1 ||     1
